 Dungeon Crawl Stone Soup version 0.26.1-11-gd32895ea62 (webtiles) character file.

Game seed: 1922608337606484842

58 GrimJard the Firebug (level 3, -6/26 HPs)
             Began as a Draconian Fire Elementalist on Apr 24, 2021.
             Engulfed by a cloud of flame (14 damage)
             ... on level 2 of the Dungeon.
             The game lasted 00:34:06 (1371 turns).

GrimJard the Firebug (Draconian Fire Elementalist)  Turns: 1371, Time: 00:34:18

Health: -6/26      AC:  6    Str: 10    XL:     3   Next: 75%
Magic:  4/7        EV: 12    Int: 15    God:
Gold:   64         SH:  0    Dex: 12    Spells: 3/7 levels left

rFire    . . .     SeeInvis .   m - +0 long sword
rCold    . . .     Faith    .   (no shield)
rNeg     . . .     Spirit   .   (armour unavailable)
rPois    .         Reflect  .   (helmet restricted)
rElec    .         Harm     .   j - +0 cloak
rCorr    .         Rampage  .   (no gloves)
Will     .....                  (no boots)
Stlth    ++........             (no amulet)
HPRegen  0.08/turn              (no ring)
MPRegen  0.10/turn              (no ring)

@: no status effects
A: unfitting armour, cold-blooded, AC +5
a: no special abilities


You were on level 2 of the Dungeon.
You visited 1 branch of the dungeon, and saw 2 of its levels.

You collected 64 gold pieces.

Inventory:

Hand Weapons
 m - a +0 long sword (weapon)
Missiles
 e - 17 poisoned darts (quivered)
Armour
 j - a +0 cloak (worn)
Jewellery
 i - an uncursed ring of wizardry {unknown}
 k - an uncursed ring of resist corrosion {unknown}
 n - an uncursed ring of protection from cold {unknown}
Scrolls
 b - a scroll of identify {unknown}
 c - a scroll of magic mapping {unknown}
 d - 2 scrolls of teleportation {unknown}
 f - a scroll of fear {unknown}
 g - a scroll of remove curse {unknown}
 h - a scroll of enchant armour {unknown}
Potions
 a - 2 potions of curing {unknown}
 l - a potion of brilliance {unknown}


   Skills:
 + Level 0.3(0.4) Short Blades
 + Level 0.2(0.4) Long Blades
 + Level 0.6 Throwing
 + Level 2.1 Dodging
 + Level 1.8 Stealth
 + Level 2.6 Spellcasting
 + Level 1.5 Conjurations
 + Level 3.4 Fire Magic


You had 3 spell levels left.
You knew the following spells:

 Your Spells              Type           Power        Failure   Level
a - Foxfire               Conj/Fire      36%          8%          1
b - Inner Flame           Hex/Fire       7%           30%         3

Your spell library contained the following spells:

 Spells                   Type           Power        Failure   Level
 Conjure Flame            Conj/Fire      9%           22%         3
 Sticky Flame             Conj/Fire      9%           58%         4
 Fireball                 Conj/Fire      4%           91%         5


Dungeon Overview and Level Annotations

Branches:
Dungeon (2/15)

Altars:
Trog


Innate Abilities, Weirdness & Mutations

Your plain brown scales are hard. (AC +5)
You cannot fit into any form of body armour.
You are cold-blooded and may be slowed by cold attacks.


Message History

Found 28 bolts.
A rat comes into view.
A rat is nearby!
Casting: Foxfire (safe; 8% risk of failure)
Confirm with . or Enter, or press ? or * to list all spells.
The spell is extremely dangerous to cast (30% risk of failure)!
Continue anyway?
Uppercase [Y]es or [N]o only, please.
The spell is extremely dangerous to cast (30% risk of failure)!
Continue anyway?
Aiming: Inner Flame (extremely dangerous; 30% risk of failure)
Press: ? - help, Shift-Dir - straight line, f - rat
Aim: a rat (chance to affect: 68%)
The rat is filled with an inner flame.
You closely miss the rat. The rat closely misses you.
You hit the rat.
The rat explodes!
The fiery explosion engulfs you!!
Ouch! That really hurt!
You are engulfed in blazing flames.
Ouch! That really hurt!
You die...

......##..............#
.........)....#.#######
>...........###.#
............###.#
..............#.#
....<...####....##
........# ###...#
....#.### #...##
......†##### ##§@§###
...........# #.§§...#
...........# #.§§§..#
.............#......#
.............####.....
...........#.. #.......
.#........## .
........# .####.....#
##.....(.# ###...(
........#


There were no monsters in sight!

Vanquished Creatures
  2 adders (D:2)
  An ooze (D:2)
  2 dart slugs
  A leopard gecko (D:1)
  A ball python (D:1)
  4 bats (D:1)
  3 giant cockroaches
  3 goblins (D:1)
  2 hobgoblins (D:1)
  2 jackals (D:1)
  3 frilled lizards
  2 kobolds
  4 rats
30 creatures vanquished.

Vanquished Creatures (others)
  54 foxfires
54 creatures vanquished.

Grand Total: 84 creatures vanquished

Notes
Turn   | Place    | Note
-------+----------+-------------------------------------------
     0 | D:1      | GrimJard the Draconian Fire Elementalist began the quest
                  | for the Orb.
     0 | D:1      | Reached XP level 1. HP: 14/14 MP: 3/3
   352 | D:1      | Reached XP level 2. HP: 20/20 MP: 1/5
  1161 | D:2      | Reached XP level 3. HP: 26/26 MP: 2/6
  1202 | D:2      | Found a bloodstained altar of Trog.
  1284 | D:2      | Learned a level 3 spell: Inner Flame
  1371 | D:2      | Engulfed by a cloud of flame

Illustrated notes

Levels and vault maps discovered:
D:1:      onia_arrival_mini_spirals, layout_loops_ring, minmay_pentomino_q2
D:2:      layout_rooms, bloody_trog, kennysheep_doodads

Skill      XL: |  1  2 |
---------------+-------+-----
Dodging        | 2 |  2.1
Short Blades   | |  0.3
Long Blades    | |  0.2
Throwing       | |  0.6
Stealth        | |  1.8
Spellcasting   | |  2.6
Conjurations   | |  1.5
Fire Magic     | |  3.4

Action                   || total
-------------------------++-------
Melee: Dagger            ||    36
       Tailslap          ||     7
       Long sword        ||     7
Throw: Dart              ||     6
 Cast: Foxfire           ||    35
       Inner Flame       ||     1
Armor: Skin              ||    12
Dodge: Dodged            ||    32
       Rpst.: Long sword ||     2
